 Dungeon Crawl Stone Soup version 0.27-a0-1140-g099f9bb0e8 (webtiles) character file.

Game seed: 17151206307592592237

135685 leviel the Severer (level 16, -6/143 HPs)
             Began as a Minotaur Fighter on May 8, 2021.
             Was the Champion of the Shining One.
             Mangled by a wolf spider (19 damage)
             ... on level 3 of the Spider Nest.
             The game lasted 00:48:04 (26558 turns).

leviel the Severer (Minotaur Fighter)              Turns: 26558, Time: 00:48:05

Health: -6/143     AC: 13    Str: 26    XL:     16   Next: 65%
Magic:  26/26      EV: 13    Int:  5    God:    the Shining One [******]
Gold:   1453       SH:  0    Dex: 12    Spells: 15/15 levels left

rFire    + + .     SeeInvis +   N - +7 great mace "Firestarter" {inner flame, rF++}
rCold    . . .     Faith    .   (shield currently unavailable)
rNeg     + + +     Spirit   .   e - +4 plate armour
rPois    +         Reflect  .   r - +1 hat {Will+}
rElec    +         Harm     .   n - +2 cloak {Will+}
rCorr    .         Rampage  .   V - +1 pair of gloves
Will     +++..                  C - +0 pair of boots
Stlth    ..........             k - amulet of the Lost Nightcaps {rElec rPois Regen+ Slay+3}
HPRegen  1.33/turn              X - ring of see invisible
MPRegen  0.20/turn              g - ring of poison resistance

@: corroded, glowing, studying Slings
A: horns 2, retaliatory headbutt
a: Renounce Religion, Divine Shield, Cleansing Flame, Summon Divine Warrior,
Brand Weapon With Holy Wrath


You were on level 3 of the Spider Nest.
You worshipped the Shining One.
The Shining One was exalted by your worship.
You visited 5 branches of the dungeon, and saw 26 of its levels.
You visited 1 bazaar.

You collected 2286 gold pieces.
You spent 833 gold pieces at shops.

Inventory:

Hand Weapons
 a - a +3 vorpal war axe
 b - a +0 spear of flaming
 M - a +2 war axe of distortion
 N - the +7 great mace "Firestarter" (weapon) {inner flame, rF++}
   (You found it on level 6 of the Lair of Beasts)

   It has been specially enchanted to burn those struck by it, causing extra
   injury to most foes and up to half again as much damage against particularly
   susceptible opponents.
   It greatly protects you from fire.
Missiles
 d - 14 javelins
 F - 11 curare-tipped darts (quivered)
Armour
 c - a +0 kite shield
 e - a +4 plate armour (worn)
 n - a +2 cloak of willpower (worn)
 r - a +1 hat of willpower (worn)
 C - a +0 pair of boots (worn)
 V - a +1 pair of gloves (worn)
Jewellery
 g - a ring of poison resistance (right hand)
 k - the amulet of the Lost Nightcaps (around neck) {rElec rPois Regen+ Slay+3}
   (You acquired it on level 8 of the Dungeon)

   [amulet of regeneration]

   It affects your accuracy and damage with ranged weapons and melee attacks
   (+3).
   It insulates you from electricity.
   It protects you from poison.
   It increases your rate of health regeneration.
 y - a ring of flight
 O - a ring of protection from cold
 R - a ring of willpower
 X - a ring of see invisible (left hand)
Wands
 l - a wand of flame (29)
 t - a wand of polymorph (18)
 H - a wand of iceblast (31)
 I - a wand of acid (11)
 L - a wand of digging (6)
Scrolls
 i - 2 scrolls of immolation
 s - 10 scrolls of teleportation
 v - 4 scrolls of magic mapping
 x - 3 scrolls of blinking
 A - a scroll of silence
 E - a scroll of summoning
 G - 6 scrolls of identify
 U - 2 scrolls of holy word
Potions
 f - 5 potions of brilliance
 h - 6 potions of heal wounds
 m - a potion of flight
 o - 8 potions of curing
 q - 3 potions of magic
 u - 3 potions of lignification
 w - a potion of might
 z - 4 potions of cancellation
 B - a potion of resistance
 Q - a potion of ambrosia
 T - a potion of berserk rage
Miscellaneous
 j - a piece from Xom's chessboard (15/15)
 p - a phial of floods
 J - a box of beasts
 P - a phantom mirror


   Skills:
 - Level 13.0 Fighting
 - Level 17.0(17.8) Axes
 + Level 9.9(14.5) Maces & Flails
 - Level 13.9 Armour
 + Level 14.1 Dodging
 - Level 0.4 Stealth
 - Level 4.3 Shields
 + Level 14.8 Invocations


You had 15 spell levels left.
You didn't know any spells.
Your spell library contained the following spells:

 Spells                   Type           Power      Damage    Failure   Level
 Animate Skeleton         Necr           0%         N/A       98%         1
 Beastly Appendage        Tmut           0%         N/A       98%         1
 Corona                   Hex            0%         N/A       98%         1
 Pain                     Necr           0%         1d4       98%         1
 Sandblast                Erth           0%         2d4       98%         1
 Shock                    Conj/Air       0%         1d3       98%         1
 Sting                    Tmut/Pois      0%         1d3       98%         1
 Ensorcelled Hibernation  Hex/Ice        0%         N/A       99%         2
 Passwall                 Tmut/Erth      0%         N/A       99%         2
 Poisonous Vapours        Pois/Air       0%         N/A       99%         2
 Static Discharge         Conj/Air       0%         N/A       99%         2
 Sublimation of Blood     Necr           0%         N/A       99%         2
 Wereblood                Tmut           0%         N/A       99%         2
 Confusing Touch          Hex            0%         N/A       100%        3
 Dazzling Flash           Conj/Hex       0%         N/A       100%        3
 Ignite Poison            Fire/Tmut/Pois 0%         N/A       100%        3
 Mephitic Cloud           Conj/Pois/Air  0%         N/A       100%        3
 Spider Form              Tmut/Pois      0%         N/A       100%        3
 Stone Arrow              Conj/Erth      0%         3d7       100%        3
 Swiftness                Air            0%         N/A       100%        3
 Tukima's Dance           Hex            0%         N/A       100%        3
 Vampiric Draining        Necr           0%         2d6       100%        3
 Airstrike                Air            0%         N/A       100%        4
 Animate Dead             Necr           0%         N/A       100%        4
 Ice Form                 Ice/Tmut       0%         N/A       100%        4
 Olgreb's Toxic Radiance  Pois           0%         N/A       100%        4
 Petrify                  Tmut/Erth      0%         N/A       100%        4
 Agony                    Necr           0%         N/A       100%        5
 Alistair's Intoxication  Tmut/Pois      0%         N/A       100%        5
 Hydra Form               Tmut           0%         N/A       100%        5
 Irradiate                Conj/Tmut      0%         3d13      100%        5
 Lee's Rapid Deconstruct  Erth           0%         3d5*      100%        5
 Lightning Bolt           Conj/Air       0%         1d11      100%        5
 Summon Forest            Summ/Tloc      0%         N/A       100%        5
 Summon Mana Viper        Hex/Summ       0%         N/A       100%        5
 Eringya's Noxious Bog    Tmut/Pois      0%         N/A       100%        6
 Shadow Creatures         Summ           N/A        N/A       100%        6
 Summon Hydra             Summ           0%         N/A       100%        7
 Ignition                 Fire           0%         3d3       100%        8
 Shatter                  Erth           0%         3d5*      100%        9
 Tornado                  Air            0%         N/A       100%        9


Dungeon Overview and Level Annotations

Branches:
Dungeon (14/15)            Temple (1/1) D:4            Lair (6/6) D:10
  Swamp (0/4) Lair:4       Spider (3/4) Lair:4        Slime (0/5) Lair:6
    Orc (2/2) D:9             Elf (0/3) Orc:2        Vaults (0/5) D:13

Altars:
Ashenzari
Cheibriados
Dithmenos
Elyvilon
Fedhas
Gozag
Hepliaklqana
Kikubaaqudgha
Makhleb
Nemelex Xobeh
Okawaru
Qazlal
Ru
Sif Muna
Trog
Uskayaw
Vehumet
Wu Jian
Xom
Yredelemnul
Zin
The Shining One
Jiyva

Shops:
Orc:2 [**!!(**

Annotations:
Lair:3 exclusion: oklob plant


Innate Abilities, Weirdness & Mutations

You have a pair of horns on your head.
You reflexively headbutt those who attack you in melee.


Message History

The jumping spider bites you but does no damage.
The entropy weaver gestures at you while chanting.
The entropic weave corrodes you! The redback barely misses you.
The redback bites you.
The jumping spider leaps!
The wolf spider hits you.
The wolf spider bites you but does no damage.
The wolf spider hits you! The wolf spider bites you.
* * * LOW HITPOINT WARNING * * *
The wolf spider hits you but does no damage.
The wolf spider bites you but does no damage.
The jumping spider leaps!
The redback bites you but does no damage. x2
You thump the wolf spider!
Flame seeps out of the wolf spider.
You burn the wolf spider.
Flame seeps out of the wolf spider.
Your headbutt misses the wolf spider.
The wolf spider is heavily wounded.
The wolf spider's inner flame fades away.
The wolf spider is engulfed in blazing flames.
The wolf spider closely misses you. The wolf spider misses you.
The wolf spider hits you.
* * * LOW HITPOINT WARNING * * *
The wolf spider bites you but does no damage.
The jumping spider leaps!
The redback barely misses you. You furiously retaliate!
You headbutt the redback.
The jumping spider leaps!
The entropy weaver casts a spell at you.
The entropic weave corrodes you!
The wolf spider is engulfed in blazing flames.
The wolf spider barely misses you. The wolf spider closely misses you.
The wolf spider hits you!
* * * LOW HITPOINT WARNING * * *
The wolf spider closely misses you. The redback bites you!
* * * LOW HITPOINT WARNING * * *
The redback closely misses you. You furiously retaliate!
You headbutt the redback!
The wolf spider is engulfed in blazing flames.
The wolf spider hits you!
* * * LOW HITPOINT WARNING * * *
The wolf spider barely misses you. The wolf spider hits you!!
You die...

...........#..#..#.......s.....##
.....#...##.#..#...#...s.........
.#.........#.....^....B..#.......
.....#....#..^#..#..†.ss.s...s...
.#....<†#.#........†.##.#.s.####.
.....#^^...#...Bsss.s...^..^.# #
.....#..#....#.sss#sB.......##
.#..#.^....#..##s#ss.#..#....##
........#.....°s@s#.....^....^#
#...#..#..○....sss..^....^...##
#######..........s..#.##......#
##..#......#...[........#
##..........#.......####
###.......#..○....^#
##################


You could see 2 entropy weavers, a demonic crawler, 3 wolf spiders, an orb
spider, 2 jumping spiders, 2 tarantellas and 8 redbacks.

Vanquished Creatures
  Gastronok (D:12)
  A ghost moth (Spider:3)
  An emperor scorpion (Spider:3)
  An ironbound preserver (D:13)
  4 entropy weavers
  2 spark wasps
  The ghost of Fodiat the Brawler, a journeyman DrMo of Ashenzari (Lair:4)
  Snorg (D:12)
  A great orb of eyes (D:14)
  The ghost of Tuin the Fighter, a journeyman MiBe of Trog (Lair:2)
  9 hydras
  4 death knights
  Harold (D:7)
  4 boulder beetles
  16 centaur warriors
  2 catoblepae (Lair:6)
  A deep troll shaman (Lair:6)
  A two-headed ogre (shapeshifter) (D:9)
  4 two-headed ogres
  6 death yaks (Lair:6)
  4 tengu warriors
  3 orc high priests
  2 spriggans (Lair:4)
  A fire crab (shapeshifter) (D:14)
  A skeletal warrior (D:13)
  A phantasmal warrior (D:13)
  2 deep elf pyromancers (D:14)
  6 orb spiders
  5 orc knights
  15 wolf spiders
  7 manticores
  4 orc sorcerers
  5 cyclopes
  4 ugly things
  5 black mambas
  A moth of wrath (Spider:1)
  10 elephants
  A guardian serpent (shapeshifter) (D:14)
  A torpor snail (Spider:2)
  11 cane toads
  An ice statue (Orc:2)
  4 gargoyles
  A kobold demonologist (D:13)
  A freezing wraith (D:13)
  11 komodo dragons
  4 rime drakes
  8 demonic crawlers
  24 jumping spiders
  Prince Ribbit (D:7)
  4 trolls
  5 hornets
  Grinder (D:3)
  5 polar bears
  23 blink frogs
  21 slime creatures
  A snapping turtle (shapeshifter) (D:13)
  A centaur simulacrum (D:14)
  Sigmund (D:4)
  2 shadows
  42 redbacks
  A vampire (D:13)
  A tarantella (shapeshifter) (D:13)
  2 wraiths
  A wyvern (Lair:4)
  15 tarantellas
  55 yaks
  A human (shapeshifter) (D:8)
  A basilisk (Lair:5)
  12 vampire mosquitoes
  4 wargs
  Menkaure (D:4)
  2 acid dragons
  Duvessa (D:6)
  9 water moccasins
  25 orc warriors
  2 ice beasts
  2 necrophages
  3 black bears
  A sky beast (D:3)
  10 wolves
  A boggart (Lair:4)
  16 centaurs
  9 ogres
  2 phantoms
  10 kobold brigands
  13 bullfrogs
  5 gnoll sergeants
  A water moccasin zombie (D:5)
  A scorpion (D:4)
  Dowan (D:6)
  A water moccasin skeleton (D:4)
  4 killer bees (D:9)
  A howler monkey (D:5)
  2 electric eels (D:14)
  4 centaur zombies
  15 orc priests
  A bullfrog zombie (D:6)
  4 hounds
  4 bullfrog skeletons
  A centaur skeleton (D:5)
  Jessica (D:2)
  An iguana (D:5)
  Natasha (twice) (D:3)
  17 orc wizards
  A scorpion zombie (D:5)
  6 hell rats (Lair:4)
  A killer bee zombie (D:5)
  A hound zombie (D:5)
  A hound skeleton (D:4)
  Robin (D:4)
  5 howler monkey zombies
  13 gnolls
  5 adders
  2 shadow imps (D:5)
  A white imp (D:6)
  3 ufetubi
  2 worms
  A dart slug (D:1)
  72 orcs
  3 ball pythons
  6 bats
  10 endoplasms
  3 giant cockroaches
  16 goblins
  8 hobgoblins
  11 jackals
  2 quokkas (D:1)
  3 frilled lizards
  39 kobolds
  4 rats
  A butterfly (Lair:5)
799 creatures vanquished.

Vanquished Creatures (others)
  2 redbacks (Spider:2)
  Natasha (D:3)
  19 fungi
  30 plants
52 creatures vanquished.

Grand Total: 851 creatures vanquished

Notes
Turn   | Place    | Note
-------+----------+-------------------------------------------
     0 | D:1      | leviel the Minotaur Fighter began the quest for the Orb.
     0 | D:1      | Reached XP level 1. HP: 19/19 MP: 0/0
   403 | D:1      | Reached XP level 2. HP: 27/27 MP: 1/1
   531 | D:1      | Found a faded altar of an unknown god.
   710 | D:1      | Reached XP level 3. HP: 13/33 MP: 2/2
  1740 | D:2      | Found a shimmering altar of Xom.
  1833 | D:2      | Reached skill level 3 in Axes
  1839 | D:2      | Noticed Jessica
  1843 | D:2      | Killed Jessica
  1844 | D:2      | Reached XP level 4. HP: 31/40 MP: 3/3
  2256 | D:3      | Found a shimmering altar of Xom.
  2259 | D:3      | Noticed an ice beast
  2271 | D:3      | Killed an ice beast
  2272 | D:3      | Reached skill level 4 in Axes
  2272 | D:3      | Reached XP level 5. HP: 14/47 MP: 4/4
  2491 | D:3      | Noticed a sky beast
  2498 | D:3      | Killed a sky beast
  2499 | D:3      | Reached skill level 5 in Axes
  2727 | D:3      | Reached XP level 6. HP: 48/55 MP: 5/5
  3030 | D:3      | Noticed Grinder
  3042 | D:3      | Killed Grinder
  3043 | D:3      | Reached skill level 5 in Fighting
  3043 | D:3      | Reached skill level 6 in Axes
  3133 | D:3      | Noticed Natasha
  3138 | D:3      | Killed Natasha
  3287 | D:3      | Noticed Natasha
  3292 | D:3      | Killed Natasha
  3293 | D:3      | Reached XP level 7. HP: 56/62 MP: 6/6
  3350 | D:3      | Noticed Natasha
  3357 | D:3      | Killed Natasha
  3621 | D:4      | Reached skill level 7 in Axes
  3663 | D:4      | Noticed Menkaure
  3668 | D:4      | Killed Menkaure
  4066 | D:4      | Noticed Robin
  4083 | D:4      | Killed Robin
  4151 | D:4      | Noticed Sigmund
  4164 | D:4      | Killed Sigmund
  4165 | D:4      | Reached skill level 8 in Axes
  4391 | D:4      | Found a staircase to the Ecumenical Temple.
  4406 | Temple   | Entered the Ecumenical Temple
  4483 | Temple   | Became a worshipper of the Shining One
  4627 | D:5      | Entered Level 5 of the Dungeon
  4632 | D:5      | Reached XP level 8. HP: 69/71 MP: 7/7
  4919 | D:4      | Reached skill level 9 in Axes
  5018 | D:4      | Found a shadowy altar of Dithmenos.
  5481 | D:5      | Reached skill level 10 in Axes
  5573 | D:5      | Reached * piety under the Shining One
  6072 | D:6      | Noticed Duvessa
  6072 | D:6      | Noticed Dowan
  6085 | D:6      | Killed Dowan
  6092 | D:6      | Killed Duvessa
  6093 | D:6      | Reached skill level 11 in Axes
  6093 | D:6      | Reached XP level 9. HP: 10/82 MP: 8/8
  6381 | D:6      | Found a radiant altar of Vehumet.
  6392 | D:6      | Found a broken altar of Ashenzari.
  6565 | D:6      | Reached ** piety under the Shining One
  6807 | D:6      | Found a glowing silver altar of Zin.
  7233 | D:7      | Found a shimmering blue altar of Sif Muna.
  7243 | D:7      | Reached skill level 12 in Axes
  7466 | D:7      | Noticed Harold
  7497 | D:7      | Killed Harold
  7498 | D:7      | Reached skill level 10 in Fighting
  7498 | D:7      | Reached skill level 13 in Axes
  7886 | D:7      | Noticed a +0 short sword
  7886 | D:7      | Noticed a +0 spear
  7886 | D:7      | Noticed a +0 short sword
  7887 | D:7      | Noticed a +0 falchion
  7887 | D:7      | Noticed a +0 spear
  7887 | D:7      | Noticed a +0 dagger
  7888 | D:7      | Noticed a +0 falchion
  7889 | D:7      | Noticed a +0 dagger
  7905 | D:7      | Reached *** piety under the Shining One
  7916 | D:7      | Found a hide-covered altar of Uskayaw.
  7916 | D:7      | Noticed Prince Ribbit
  7931 | D:7      | Killed Prince Ribbit
  8278 | D:8      | Reached XP level 10. HP: 79/93 MP: 9/9
  8406 | D:8      | Noticed a cyclops
  8407 | D:8      | Noticed a six-headed hydra
  8722 | D:8      | Identified a scroll of acquirement
  8722 | D:8      | Acquired the amulet of the Lost Nightcaps {rElec rPois
                  | Regen+ Slay+3}
  8740 | D:8      | Noticed a centaur warrior
  8752 | D:8      | Killed a centaur warrior
  8753 | D:8      | Reached skill level 14 in Axes
  9124 | D:9      | Found a staircase to the Orcish Mines.
  9141 | D:9      | Reached skill level 15 in Axes
  9381 | D:9      | Reached XP level 11. HP: 72/104 MP: 10/10
  9680 | D:9      | Reached **** piety under the Shining One
  9722 | D:9      | Noticed a centaur warrior
  9722 | D:9      | Noticed an eight-headed hydra
  9722 | D:9      | Noticed a centaur warrior
 10096 | Orc:1    | Entered Level 1 of the Orcish Mines
 10246 | Orc:2    | Entered Level 2 of the Orcish Mines
 10269 | Orc:2    | Found Raysem's General Store.
 10275 | Orc:2    | Noticed an orc knight
 10302 | D:9      | Reached skill level 16 in Axes
 10464 | Orc:1    | Killed an orc knight
 10590 | Orc:2    | Noticed an orc sorcerer
 10592 | Orc:2    | Noticed an orc knight
 10594 | Orc:2    | Noticed an orc knight
 10596 | Orc:2    | Noticed an orc sorcerer
 10597 | Orc:2    | Killed an orc sorcerer
 10599 | Orc:2    | Noticed an orc high priest
 10606 | Orc:1    | Killed an orc knight
 10802 | Orc:1    | Killed an orc sorcerer
 10814 | Orc:1    | Killed an orc knight
 10878 | Orc:2    | Noticed an orc sorcerer
 10888 | Orc:1    | Killed an orc high priest
 10889 | Orc:1    | Reached skill level 17 in Axes
 10953 | Orc:2    | Killed an orc sorcerer
 10954 | Orc:2    | Reached skill level 5 in Armour
 10954 | Orc:2    | Reached skill level 1 in Invocations
 10962 | Orc:2    | Noticed an orc high priest
 10968 | Orc:2    | Killed an orc high priest
 11003 | Orc:2    | Bought a potion of curing for 54 gold pieces
 11003 | Orc:2    | Bought a potion of heal wounds for 90 gold pieces
 11003 | Orc:2    | Bought a wand of flame (13) for 135 gold pieces
 11003 | Orc:2    | Bought a scroll of identify for 36 gold pieces
 11004 | Orc:2    | Found Otzidypp's Assorted Antiques.
 11013 | Orc:2    | Bought an embroidered cloak for 217 gold pieces
 11013 | Orc:2    | Bought an embroidered cloak for 217 gold pieces
 11050 | Orc:2    | Found Kaxuerch's Armour Boutique.
 11093 | Orc:2    | Found Xopudenk's General Store.
 11097 | Orc:2    | Found a staircase to the Elven Halls.
 11227 | Orc:2    | Noticed an orc high priest
 11228 | Orc:2    | Noticed an orc knight
 11234 | Orc:2    | Killed an orc knight
 11239 | Orc:2    | Noticed a sixfirhy
 11239 | Orc:2    | Killed an orc high priest
 11240 | Orc:2    | Reached XP level 12. HP: 115/115 MP: 12/12
 11244 | Orc:2    | Found Huohu's Assorted Antiques.
 11244 | Orc:2    | Found Meceis's Weapon Boutique.
 11246 | Orc:2    | Found Ubampoif's Distillery.
 11246 | Orc:2    | Found Afaaq's Distillery.
 11299 | Orc:2    | Found a gateway to a bazaar.
 11373 | Bazaar   | Entered a bazaar
 11389 | Bazaar   | Found Etoamaa's Jewellery Shoppe.
 11389 | Bazaar   | Found Qerih's Assorted Antiques.
 11400 | Bazaar   | Bought a scroll labelled PUEPNYE MUDO for 30 gold pieces
 11411 | Bazaar   | Found Qedajil's Book Shoppe.
 11427 | Bazaar   | Found Muamos's Weapon Shoppe.
 11489 | Bazaar   | Bought a metallic emerald potion for 27 gold pieces
 11489 | Bazaar   | Bought a bubbling clear potion for 27 gold pieces
 11654 | Orc:1    | Reached ***** piety under the Shining One
 12550 | D:9      | Noticed a two-headed ogre
 12554 | D:9      | Killed a centaur warrior
 12557 | D:9      | Killed a two-headed ogre
 12580 | D:9      | Killed a centaur warrior
 12581 | D:9      | Reached skill level 10 in Armour
 12581 | D:9      | Reached skill level 5 in Invocations
 12797 | D:10     | Entered Level 10 of the Dungeon
 13026 | D:10     | Found a staircase to the Lair.
 13642 | D:11     | Noticed a centaur warrior
 13653 | D:11     | Killed a centaur warrior
 13935 | Lair:1   | Entered Level 1 of the Lair of Beasts
 14003 | Lair:1   | Reached XP level 13. HP: 113/122 MP: 15/17
 15575 | Lair:2   | Found a runed translucent gate.
 15575 | Lair:2   | Found a runed translucent gate.
 15575 | Lair:2   | Found a runed translucent gate.
 15581 | Lair:2   | Noticed Tuin's ghost (journeyman MiBe)
 15596 | Lair:2   | Killed Tuin's ghost
 16083 | Lair:3   | Reached skill level 1 in Dodging
 16205 | Lair:3   | Found a hazy altar of Hepliaklqana.
 17544 | D:12     | Noticed Snorg
 17555 | D:12     | Killed Snorg
 17556 | D:12     | Reached skill level 5 in Dodging
 17810 | D:12     | Noticed Gastronok
 17832 | D:12     | Killed Gastronok
 18200 | Lair:4   | Found a staircase to the Swamp.
 18207 | Lair:4   | Reached XP level 14. HP: 129/129 MP: 20/20
 18394 | Lair:4   | Reached skill level 10 in Invocations
 18394 | Lair:4   | Found a hole to the Spider Nest.
 18586 | Lair:4   | Found a runed translucent door.
 18586 | Lair:4   | Identified the +5 trident "Cedioveh" {elec, +Blink Str-4
                  | Dex+3}
 18589 | Lair:4   | Noticed Fodiat's ghost (journeyman DrMo)
 18988 | Lair:4   | Killed Fodiat's ghost
 19221 | Lair:5   | Reached ****** piety under the Shining One
 19718 | Lair:6   | Entered Level 6 of the Lair of Beasts
 20206 | Lair:6   | Found a viscous altar of Jiyva.
 20207 | Lair:6   | Found a staircase to the Slime Pits.
 20479 | Lair:6   | Reached skill level 10 in Dodging
 20704 | Lair:6   | Found the +7 great mace "Firestarter" {inner flame, rF++}
 21353 | D:13     | Reached XP level 15. HP: 108/135 MP: 23/23
 21554 | D:13     | Found a gate to the Vaults.
 21707 | D:13     | Reached skill level 1 in Maces & Flails
 23076 | D:14     | Reached skill level 5 in Maces & Flails
 23307 | D:14     | Found a basalt altar of Yredelemnul.
 23970 | D:14     | Found the +0 staff of Battle
 24324 | Spider:1 | Entered Level 1 of the Spider Nest
 24440 | Lair:4   | Reached XP level 16. HP: 44/143 MP: 25/25
 26558 | Spider:3 | Mangled by a wolf spider

Illustrated notes

Levels and vault maps discovered:
D:1:      lightli_arrival_farm, layout_basic,
          shapermc_ecumenical_altar_notcrosses, chequers_serial_rivers_small_b
D:2:      layout_basic, basic_altar, uniq_jessica
D:3:      layout_rooms, xom_teletrap_fun, minmay_quadrilaterals, uniq_grinder,
          uniq_natasha
D:4:      minmay_chambers_of_twos, layout_rooms,
          nicolae_dithmenos_through_a_glass_darkly,
          minmay_temple_entry_mini_moons, uniq_menkaure, uniq_sigmund,
          uniq_robin
D:5:      layout_loops_corners
D:6:      layout_loops_ring, old_standard_altar, minitemple,
          kennysheep_generic_room_12, uniq_duvessa
D:7:      layout_loops_ring, nicolae_sif_muna_condensation,
          nicolae_uskayaw_en_pointe, uniq_harold, uniq_prince_ribbit1
D:8:      layout_rooms, minmay_diamond_spiral
D:9:      minmay_chambers_of_sevens, layout_loops_ring,
          kennysheep_orc_monster_closet_entryway
D:10:     layout_roguey, lair_entry_dummy
D:11:     layout_cave_pools
D:12:     layout_long_grid, uniq_snorg, uniq_gastronok
D:13:     layout_loops_ring, skrybe_vaults_entry_preservation
D:14:     minmay_the_grid_triangle_9x9_rhombus_full
          [minmay_the_grid_triangle_9x9_flanged_cone,
          minmay_the_grid_triangle_9x9_skeleton,
          minmay_the_grid_triangle_9x9_stretched_checkered,
          minmay_the_grid_triangle_9x9_descending_squares,
          minmay_the_grid_triangle_9x9_limited_checkers,
          minmay_the_grid_triangle_9x9_warning,
          minmay_the_grid_triangle_9x9_wacky_v,
          minmay_the_grid_triangle_9x9_prize_center], layout_irregular_city,
          lemuel_doored_altar, serial_bayou_lagoon_b
Temple:   regret_index_temple_waves
Lair:1:   layout_cave_pods, grunt_megastairs_4
Lair:2:   layout_hall_layers, ebering_ghost_rock_garden,
          chequers_serial_rivers_room_a
Lair:3:   minmay_lair_oklob_tunnel, layout_small_grid, basic_altar,
          lemuel_fruit_tree, grunt_megastairs_5
Lair:4:   layout_roguey, swamp_mist, spider_nest_entry_a,
          ebering_ghost_funeral_grove
Lair:5:   layout_misc_corridors, lemuel_fruit_fields, serial_bayou_shore_a
Lair:6:   grunt_lair_end_beastmaster, layout_gridlike, slime_altar_1,
          lemuel_fruit_fields, serial_bayou_shore_b
Spider:1: layout_spider_delve
Spider:2: layout_spider_delve
Spider:3: nicolae_spider_mines_3
Orc:1:    nicolae_orc_accident_1, layout_caves
Orc:2:    grunt_orc_tribal_feast, layout_caves, serial_shops, statue_bzr, shop,
          shop, nicolae_shop_trees, nicolae_shop_stone

Skill      XL: |  1  2  3  4  5  6  7  8  9 10 11 12 13 14 15 16 |
---------------+-------------------------------------------------+-----
Armour         | 4 6 12 13 | 13.9
Shields        | 4 |  4.3
Fighting       | 4 5 6 8 10 11 13 | 13.0
Axes           | 3 4 5 6 8 11 13 15 17 | 17.0
Invocations    | 2 6 9 12 14 | 14.8
Dodging        | 6 10 12 14 | 14.1
Maces & Flails | 7 9 |  9.9
Stealth        | |  0.4

Action                   |  1- 3 |  4- 6 |  7- 9 | 10-12 | 13-15 | 16-18 || total
-------------------------+-------+-------+-------+-------+-------+-------++-------
Melee: War axe           |    78 |    79 |   257 |   485 |   453 |    18 ||  1370
       Headbutt          |     4 |    14 |    35 |    99 |   191 |    25 ||   368
       Spear             |       |       |       |       |    46 |       ||    46
       Great mace        |       |       |       |       |   204 |   120 ||   324
Throw: Dart              |       |       |       |     3 |       |       ||     3
Invok: Divine Shield     |       |       |       |     1 |       |       ||     1
  Use: Potion            |       |     1 |     4 |     1 |     3 |     3 ||    12
       Scroll            |       |       |     5 |    25 |    13 |     1 ||    44
Armor: Scale mail        |    46 |    41 |    87 |    83 |       |       ||   257
       Plate armour      |       |       |       |    77 |   578 |   269 ||   924
Dodge: Dodged            |    34 |    20 |    98 |   118 |   284 |   218 ||   772
Block: Kite shield       |    43 |    31 |   132 |   260 |   259 |       ||   725

Table legend: (Time is in decaauts)
 A = Elapsed time spent in this place.
 B = Non-inter-level travel time spent in this place.
 C = Inter-level travel time spent in this place.
 D = Time resting spent in this place.
 E = Time spent auto-exploring this place.
 F = Levels seen in this place.
 G = Mean time per level.
                   A        B        C        D        E       F      G
               +--------+--------+--------+--------+--------+-----+--------+
         Total |  26702 |  24630 |   2072 |   4734 |  15922 |  27 |  989.0 |
       Dungeon |  16158 |  15042 |   1116 |   2834 |   9933 |  14 | 1154.1 |
        Temple |    216 |    125 |     91 |      0 |    119 |   1 |  216.0 |
          Lair |   6273 |   5669 |    604 |    733 |   4161 |   6 | 1045.5 |
   Spider Nest |   1924 |   1883 |     41 |    568 |    927 |   3 |  641.3 |
  Orcish Mines |   1967 |   1750 |    217 |    599 |    708 |   2 |  983.5 |
        Bazaar |    161 |    161 |      0 |      0 |     73 |   1 |  161.0 |
               +--------+--------+--------+--------+--------+-----+--------+

Top non-repeatable levels by time:
     D:9: 1924 daAuts
    D:14: 1741 daAuts
     D:1: 1736 daAuts
     D:3: 1407 daAuts
  Lair:6: 1356 daAuts
     D:4: 1268 daAuts
    D:13: 1224 daAuts
   Orc:1: 1222 daAuts
  Lair:2: 1198 daAuts
  Lair:4: 1171 daAuts
     D:7: 1104 daAuts
     D:6: 1055 daAuts
Spider:1: 1030 daAuts
  Lair:1: 1018 daAuts
     D:5: 1012 daAuts
